 Dungeon Crawl Stone Soup version 0.32-a0-933-ga8fa3634e4 (webtiles) character file.

Game seed: 17778635656303507542

1384497 jestert79 the Slayer (level 27, 185/240 HPs)
             Began as a Gnoll Alchemist on Apr 12, 2024.
             Was an Elder of Sif Muna.
             Escaped with the Orb
             ... and 3 runes on Apr 14, 2024!
             The game lasted 10:16:12 (108115 turns).

jestert79 the Slayer (Gnoll Alchemist)            Turns: 108115, Time: 10:16:13

Health: 185/240    AC: 26    Str: 20      XL:     27
Magic:  40/55      EV: 27    Int: 25 (27) God:    Sif Muna [****..]
Gold:   1855       SH: 30    Dex: 24      Spells: 5/65 levels left

rFire   + + +        b - staff of conjuration
rCold   . . .        Z - +7 tower shield of the Rose {rCorr MP+9 Int+2}
rNeg    + + +        N - +3 faerie dragon scales {Will+ Regen+ rCorr Str+7}
rPois   +            K - +2 hat of the Rose {Str+5}
rElec   .            y - +2 cloak
rCorr   +            U - +2 pair of gloves
SInv    +            f - +1 pair of boots "Giadwick" {+Blink}
Will    +++++        p - amulet of Zeolipp {Acrobat rPois rN++}
Stlth   +++          F - ring of Lizuquas {^Drain rF+++ rN++ Dex+6 SInv}
HPRegen 1.40/turn    u - ring of willpower
MPRegen 0.34/turn

%: acrobat
@: studying 3 skills
A: fangs 1, strong nose, distributed training, hooves 2, agile 1, deterioration
2, strong-willed 1, poison resistance, screaming 2, no potion heal 1, devolution
2
0: Orb of Zot
}: 3/15 runes: serpentine, barnacled, slimy
a: Renounce Religion, Evoke Blink, Channel Magic, Forget Spell, Divine Exegesis


You escaped.
You worshipped Sif Muna.
Sif Muna was greatly pleased with you.
You visited 12 branches of the dungeon, and saw 55 of its levels.
You also visited: Ossuary, Gauntlet, Ice Cave and Wizlab.

You collected 7904 gold pieces.
You spent 6049 gold pieces at shops.

Inventory:

Hand Weapons
 a - a +9 eveningstar of flaming
 s - the +9 lance "Wyrmbane" {slay drac, rPois rF+ rC+ AC+3}
   (You found it on level 4 of the Realm of Zot)

   AC+3:      It affects your AC (+3).
   rF+:       It protects you from fire.
   rC+:       It protects you from cold.
   rPois:     It protects you from poison.
 W - the +8 arc blade {discharge, rElec}
   (You found it on level 3 of the Crypt)

   rElec:     It insulates you from electricity.
Missiles
 v - 6 throwing nets
 L - 49 javelins
 V - 14 curare-tipped darts
Armour
 f - the +1 pair of boots "Giadwick" (worn) {+Blink}
   (You found it on level 2 of the Vaults)

   +Blink:    It lets you blink.
 y - a +2 cloak (worn)
 K - the +2 hat of the Rose (worn) {Str+5}
   (You found it in a Gauntlet)

   Str+5:     It affects your strength (+5).
 N - the +3 faerie dragon scales (worn) {Will+ Regen+ rCorr Str+7}
   (You took it off the Enchantress on level 1 of the Depths)

   Str+7:     It affects your strength (+7).
   Will+:     It increases your willpower.
   Regen+:    It increases your rate of health regeneration.
   rCorr:     It protects you from acid and corrosion.
 U - a +2 pair of gloves (worn)
 Z - the +7 tower shield of the Rose (worn) {rCorr MP+9 Int+2}
   (You found it in a Gauntlet)

   Int+2:     It affects your intelligence (+2).
   MP+9:      It affects your magic capacity (+9).
   rCorr:     It protects you from acid and corrosion.
Magical Staves
 b - a staff of conjuration (weapon)
Jewellery
 m - the ring of Qealis {rC+ rN++ Int+4}
   (You found it on level 3 of the Crypt)

   [ring of protection from cold]

   Int+4:     It affects your intelligence (+4).
   rC+:       It protects you from cold.
   rN++:      It greatly protects you from negative energy.
 p - the amulet of Zeolipp (around neck) {Acrobat rPois rN++}
   (You took it off a deep elf knight on level 3 of the Elven Halls)

   [amulet of the acrobat]

   Acrobat:   It increases your evasion while moving and waiting.
   rPois:     It protects you from poison.
   rN++:      It greatly protects you from negative energy.
 u - a ring of willpower (right hand)
 F - the ring of Lizuquas (left hand) {^Drain rF+++ rN++ Dex+6 SInv}
   (You took it off a fire giant on level 2 of the Vaults)

   [ring of dexterity]

   Dex+6:     It affects your dexterity (+6).
   rF+++:     It renders you almost immune to fire.
   rN++:      It greatly protects you from negative energy.
   SInv:      It lets you see invisible.
   ^Drain:    It drains your maximum health when unequipped.
 M - a ring of flight
 P - a ring of protection from fire
 Y - the ring "Upiotic" {Fire Will+ SInv}
   (You took it off a minotaur in a Gauntlet)

   [ring of fire]

   Fire:      It enhances your fire magic.
   rF+:       It protects you from fire.
   rC-:       It makes you vulnerable to cold.
   Will+:     It increases your willpower.
   SInv:      It lets you see invisible.
Wands
 h - a wand of charming (53)
 A - a wand of warping (35)
 G - a wand of light (18)
 S - a wand of digging (15)
Scrolls
 c - 14 scrolls of poison
 i - 4 scrolls of fog
 t - 8 scrolls of immolation
 B - a scroll of summoning
 C - 22 scrolls of teleportation
 D - 5 scrolls of fear
 I - 3 scrolls of revelation
 J - a scroll of blinking
 O - 9 scrolls of vulnerability
 Q - a scroll of silence
Potions
 d - 9 potions of brilliance
 e - 8 potions of ambrosia
 g - 21 potions of curing
 j - 6 potions of enlightenment
 k - 8 potions of haste
 n - 8 potions of resistance
 o - 7 potions of cancellation
 q - 13 potions of might
 r - a potion of mutation
 w - 5 potions of berserk rage
 x - 4 potions of invisibility
 z - 5 potions of heal wounds
 H - 5 potions of lignification
 R - 2 potions of magic
 T - 9 potions of attraction
Miscellaneous
 l - a Gell's gravitambourine (2/2)
 E - a box of beasts
 X - a phantom mirror


   Skills:
 + Level 24.8 Fighting
 + Level 19.3 Short Blades
 + Level 19.3 Long Blades
 + Level 19.3 Axes
 + Level 19.3 Maces & Flails
 + Level 19.3 Polearms
 + Level 19.3 Staves
 + Level 19.3 Ranged Weapons
 + Level 19.3 Throwing
 + Level 19.3 Armour
 + Level 19.7 Dodging
 + Level 19.7 Stealth
 + Level 19.3 Shields
 + Level 19.3 Unarmed Combat
 + Level 19.8 Spellcasting
 + Level 16.6 Conjurations
 + Level 16.4 Hexes
 + Level 18.2 Summonings
 + Level 16.4 Necromancy
 + Level 16.4 Translocations
 + Level 18.8 Fire Magic
 + Level 16.4 Ice Magic
 + Level 16.4 Air Magic
 + Level 16.4 Earth Magic
 + Level 17.2 Alchemy
 + Level 20.8 Invocations
 + Level 19.3 Evocations
 + Level 17.8 Shapeshifting


You had 5 spell levels left.
You knew the following spells:

 Your Spells              Type           Power      Damage    Failure   Level
a - Malign Gateway        Summ/Tloc      42%        N/A       2%          7
b - Freezing Cloud        Conj/Ice/Air   51%        6-21      1%          5
c - Mephitic Cloud        Conj/Alch/Air  100%       N/A       0%          3
d - Olgreb's Toxic Radia  Alch           84%        N/A       1%          4
e - Stone Arrow           Conj/Erth      100%       3d13      0%          3
g - Summon Mana Viper     Hex/Summ       84%        N/A       1%          5
h - Yara's Violent Unrav  Hex/Alch       41%        3d16      1%          5
i - Irradiate             Conj/Alch      52%        3d29      1%          5
j - Ignite Poison         Fire/Alch      86%        N/A       1%          4
k - Bombard               Conj/Erth      51%        9d9       1%          6
l - Dispersal             Tloc           41%        N/A       1%          6
m - Orb of Destruction    Conj           52%        9d13      3%          7

Your spell library contained the following spells:

 Spells                   Type           Power      Damage    Failure   Level
 Apportation              Tloc           100%       N/A       0%          1
 Foxfire                  Conj/Fire      100%       2x1d9     0%          1
 Freeze                   Ice            100%       1d10      0%          1
 Kiss of Death            Conj/Necr      100%       2d13      0%          1
 Magic Dart               Conj           100%       1d8       0%          1
 Necrotise                Necr           100%       1d9       0%          1
 Sandblast                Erth           100%       2d20      0%          1
 Shock                    Conj/Air       100%       1d9       0%          1
 Sting                    Conj/Alch      100%       1d9       0%          1
 Summon Small Mammal      Summ           100%       N/A       0%          1
 Blink                    Tloc           100%       N/A       0%          2
 Call Imp                 Summ           100%       N/A       0%          2
 Cigotuvi's Dreadful Rot  Necr/Alch/Air  100%       N/A       0%          2
 Ensorcelled Hibernation  Hex/Ice        100%       N/A       0%          2
 Jinxbite                 Hex            100%       N/A       0%          2
 Lesser Beckoning         Tloc           100%       N/A       0%          2
 Mercury Vapours          Alch/Air       100%       N/A       0%          2
 Momentum Strike          Conj/Tloc      100%       3d10      0%          2
 Scorch                   Fire           100%       2d9       0%          2
 Searing Ray              Conj           100%       2d8       0%          2
 Static Discharge         Conj/Air       100%       3-8/arc   0%          2
 Sublimation of Blood     Necr           82%        N/A       0%          2
 Call Canine Familiar     Summ           86%        N/A       0%          3
 Confusing Touch          Hex            82%        N/A       0%          3
 Dazzling Flash           Conj/Hex       100%       N/A       0%          3
 Frozen Ramparts          Ice            100%       1d16      0%          3
 Fugue of the Fallen      Necr           82%        N/A       0%          3
 Hailstorm                Conj/Ice       100%       3d16      0%          3
 Inner Flame              Hex/Fire       85%        N/A       0%          3
 Maxwell's Portable Pile  Tloc           82%        2d(13-38) 0%          3
 Ozocubu's Armour         Ice            82%        N/A       0%          3
 Passwall                 Erth           82%        N/A       0%          3
 Sigil of Binding         Hex            82%        N/A       0%          3
 Summon Ice Beast         Ice/Summ       84%        N/A       0%          3
 Swiftness                Air            82%        N/A       0%          3
 Teleport Other           Tloc           82%        N/A       0%          3
 Tukima's Dance           Hex            82%        N/A       0%          3
 Vampiric Draining        Necr           82%        2d11      0%          3
 Volatile Blastmotes      Fire/Tloc      100%       2d18      0%          3
 Airstrike                Air            41%        2d(6-22)  1%          4
 Anguish                  Hex/Necr       41%        N/A       1%          4
 Animate Armour           Summ/Erth      100%       N/A       1%          4
 Animate Dead             Necr           82%        N/A       1%          4
 Brom's Barrelling Bould  Conj/Erth      100%       2d11      1%          4
 Cause Fear               Hex            41%        N/A       1%          4
 Dimensional Bullseye     Hex/Tloc       41%        N/A       1%          4
 Dispel Undead            Necr           82%        3d27      1%          4
 Flame Wave               Conj/Fire      100%       2d21      1%          4
 Fulminant Prism          Conj/Alch      52%        3d23      1%          4
 Iskenderun's Mystic Bla  Conj/Tloc      100%       2d19      (+2d11%     4
 Leda's Liquefaction      Alch/Erth      41%        N/A       1%          4
 Martyr's Knell           Necr/Summ      84%        N/A       1%          4
 Passage of Golubria      Tloc           82%        N/A       1%          4
 Petrify                  Alch/Erth      83%        N/A       1%          4
 Sticky Flame             Fire/Alch      86%        2d13      1%          4
 Summon Blazeheart Golem  Fire/Summ      87%        N/A       1%          4
 Summon Lightning Spire   Summ/Air       84%        N/A       1%          4
 Vhi's Electric Charge    Tloc/Air       100%       N/A       1%          4
 Alistair's Intoxication  Alch           56%        N/A       1%          5
 Arcjolt                  Conj/Air       51%        1d61      1%          5
 Borgnjor's Vile Clutch   Necr/Erth      41%        N/A       1%          5
 Curse of Agony           Necr           82%        N/A       1%          5
 Fireball                 Conj/Fire      53%        3d21      1%          5
 Iskenderun's Battlesphe  Conj           100%       2d15      1%          5
 Lee's Rapid Deconstruct  Erth           41%        3d20*     1%          5
 Metabolic Englaciation   Hex/Ice        41%        N/A       1%          5
 Silence                  Hex/Air        41%        N/A       1%          5
 Summon Forest            Summ/Tloc      42%        N/A       1%          5
 Conjure Ball Lightning   Conj/Air       51%        3x3d18    1%          6
 Death Channel            Necr           41%        N/A       1%          6
 Eringya's Noxious Bog    Alch           42%        4d6       1%          6
 Gell's Gavotte           Tloc           41%        2d(29-44) 1%          6
 Permafrost Eruption      Ice/Erth       41%        2x4d9     1%          6
 Plasma Beam              Fire/Air       42%        2x1d56    1%          6
 Sculpt Simulacrum        Ice/Alch       41%        N/A       1%          6
 Starburst                Conj/Fire      53%        6d14      1%          6
 Summon Cactus Giant      Summ           43%        N/A       1%          6
 Monstrous Menagerie      Summ           43%        N/A       1%          7
 Summon Hydra             Summ           43%        N/A       1%          7
 Haunt                    Necr/Summ      42%        N/A       2%          7
 Spellforged Servitor     Conj/Summ      53%        N/A       2%          7
 Enfeeble                 Hex            41%        N/A       3%          7
 Manifold Assault         Tloc           41%        N/A       3%          7
 Ozocubu's Refrigeration  Ice            41%        4d16      3%          7
 Ignition                 Fire           43%        3d13      12%         8
 Summon Horrible Things   Summ           43%        N/A       14%         8
 Lehudib's Crystal Spear  Conj/Erth      51%        10d12     28%         8
 Borgnjor's Revivificati  Necr           41%        N/A       30%         8
 Discord                  Hex            41%        N/A       30%         8
 Disjunction              Tloc           41%        N/A       30%         8
 Infestation              Necr           41%        N/A       30%         8
 Maxwell's Capacitive Co  Air            41%        ∞         30%         8
 Dragon's Call            Summ           43%        N/A       92%         9
 Fire Storm               Conj/Fire      53%        8d13      95%         9
 Chain Lightning          Conj/Air       51%        3d68      99%         9
 Death's Door             Necr           41%        N/A       99%         9
 Polar Vortex             Ice            41%        12d5*     99%         9
 Shatter                  Erth           41%        3d32*     99%         9


Dungeon Overview and Level Annotations

Branches:
Dungeon (15/15)            Temple (1/1) D:5            Lair (5/5) D:8
 Shoals (4/4) Lair:3        Snake (4/4) Lair:2        Slime (5/5) Lair:5
    Orc (2/2) D:12            Elf (3/3) Orc:2        Vaults (4/5) D:14
  Crypt (3/3) Vaults:3       Tomb (0/3) Crypt:3      Depths (4/4) D:15
    Zot (5/5) Depths:4    Ossuary (visited)           IceCv (visited)
 WizLab (visited)         Gauntlet (visited)

Altars:
Ashenzari
Cheibriados
Dithmenos
Elyvilon
Fedhas
Gozag
Hepliaklqana
Kikubaaqudgha
Makhleb
Nemelex Xobeh
Okawaru
Qazlal
Ru
Sif Muna
Trog
Uskayaw
Vehumet
Wu Jian
Xom
Yredelemnul
Zin
The Shining One
Beogh
Jiyva

Shops:
D:4 ?   D:7 *   D:12 *   D:13 (:   Orc:2 *:[[(   Elf:2 (!*(   Snake:1 *
Snake:2 ?!!   Snake:3 :=:   Snake:4 =   Vaults:2 ([   Vaults:3 =
Depths:1 ((:[[

Portals:
Hell: Depths:1 Depths:2 Depths:3 Depths:4
Abyss: Depths:3
Pandemonium: Depths:2
Ziggurat: Depths:1

Annotations:
D:12 2 runed translucent doors, Vynoutz's ghost, journeyman OpFi
D:15 3 runed translucent doors, Plog's ghost, adept GrBe
Shoals:3 3 runed translucent doors
Shoals:4 6 transporters
Elf:1 1 runed translucent door, freelancePsychic's ghost, adept DsWn
Depths:2 1 transporter
Depths:4 exclusion: obsidian statue
Zot:2 2 transporters


Innate Abilities, Weirdness & Mutations

You have very sharp teeth.
Your uncanny sense of smell can sniff out nearby items.
Your experience applies equally to all skills.
You have hoof-like feet.
You are agile. (Dex +4, Str/Int -1)
Your body often deteriorates upon taking damage.
You are strong-willed. (Will+)
Your system is resistant to poisons. (rPois)
You frequently scream uncontrollably at your foes.
Potions are less effective at restoring your health.
You have terrible hidden genetic defects.


Message History

Unknown command.
You screech at the Brimstone Fiend!
A Brimstone Fiend comes into view.
You screech at the Brimstone Fiend!
Quics comes into view.
Quics hisses, "Embrace submission, thou pottle-deep folly-fallen wastrel!"
The Brimstone Fiend gestures at you.
The sphere of damnation explodes!
The damnation engulfs you!! The Brimstone Fiend gestures at you.
The sphere of damnation explodes!
The damnation engulfs you!!
Casting: Bombard (mildly dangerous; 1% risk of failure)
Confirm with . or Enter, or press ? or * to list all spells.
Aiming: Bombard (mildly dangerous; 1% risk of failure)
Press: ? - help, Shift-Dir - straight line, f - Quics
Aim: Quics (66% to hit)
Okay, then.
Unknown command.
Unknown command.
Quics gestures at you. The blast of poison engulfs you. You resist.
Quics gestures at you.
The sphere of damnation explodes!
The damnation engulfs you!!
Unknown command.
Unknown command.
Blink to where?
Press: ? - help, Dir - move target
As you read the scroll of blinking, it crumbles to dust.
You feel yourself speed up.
Your extra speed is starting to run out.
You feel yourself slow down.
A sixfirhy comes into view.
You feel a little less clever now. You block the sixfirhy's attack.
There is a large open door here.
You block the sixfirhy's attack. x3
Your magical contamination has completely faded away.
There is a staircase leading out of the dungeon here.
You block the sixfirhy's attack.
The sixfirhy hits you but does no damage.
You have escaped!

.....#.....#######..###.# #..#...
.....#.P...## ##..##.# #..#...
.....#.♣...#P#######.##.# #..'...
.........♣.#♣.'..###..#.###.##..&
.....#..♣P.#.P#.♣.###.#.........#
...........####...####.####.....#
####.......P.#P..P#♣P#.##########
##.P......'...♣#P.'.#.........
#..♣.♣...'.3@P#P.'.#.########
##.P.P...#...♣#♣P#.#.####....
#......####..♣####.#....#.#.#
#......#P.#.P.###.#####.#.#..
#....♣.#..'.P###..# #.#.#..
##.♣...#♣#######.## #.#.#..
#.♣P..# ##..# #.#.#..
##...P#######..## #.#.#..
#...###......## ##.#.#..


You could see a sixfirhy.

Vanquished Creatures
  the Royal Jelly (Slime:5)
  Khufu (Crypt:2)
  A dread lich (Zot:5)
  9 orbs of fire
  2 ancient liches
  2 royal mummies (Crypt:2)
  4 Killer Klowns
  Bai Suzhen (Crypt:2)
  4 caustic shrikes
  A curse toe (Crypt:3)
  6 golden dragons
  the Enchantress (Depths:1)
  Jorgrun (D:13)
  An electric golem (Zot:5)
  A walking crystal tome (Depths:3)
  An Ice Fiend (IceCv)
  18 Orb Guardians
  5 liches
  A walking earthen tome (Depths:4)
  15 tentacled monstrosities
  4 quicksilver dragons
  A walking divine tome (Depths:4)
  2 deep elf blademasters (Elf:3)
  A walking frostbound tome (Depths:3)
  5 sphinxes
  2 titans
  24 acid blobs
  2 deep elf master archers (Elf:3)
  7 krakens
  2 tengu reavers
  8 ancient champions
  8 shadow dragons
  8 storm dragons
  3 death cobs
  4 nagarajas
  Aizul (Snake:2)
  4 draconian monks
  2 revenants
  Ilsuiw (Shoals:2)
  11 azure jellies
  3 protean progenitors
  10 rockslimes
  8 frost giants
  5 fire giants
  5 draconian knights
  3 iron dragons
  12 vault wardens
  7 deep elf sorcerers
  5 deep elf elementalists (Elf:3)
  Louise (Shoals:3)
  4 ghost moths
  2 draconian shifters
  2 draconian scorchers (Zot:3)
  An orc warlord (Orc:2)
  2 balrugs
  An angel (Zot:3)
  4 ghouls
  2 reapers (Depths:4)
  6 draconian stormcallers
  9 very ugly things
  A draconian annihilator (Zot:5)
  A caustic shrike zombie (Crypt:1)
  17 ironbound preservers
  A cacodemon (Depths:4)
  3 curse skulls
  4 ironbound thunderhulks
  13 quicksilver oozes
  6 stone giants
  7 formless jellyfish
  3 spriggan defenders
  7 caustic shrike skeletons (Crypt:3)
  16 vampire knights
  5 demonspawn corrupters (WizLab)
  8 deep elf death magi
  6 deep elf demonologists
  A minotaur (Gauntlet)
  Nessos (Lair:3)
  5 deep elf annihilators (Elf:3)
  9 black draconians
  7 purple draconians (Zot:3)
  5 yellow draconians
  8 green draconians
  6 red draconians
  15 white draconians
  14 dire elephants
  A war gargoyle (Vaults:3)
  2 spark wasps (Depths:2)
  A green death (Depths:4)
  2 blizzard demons
  Snorg (Lair:3)
  A crystal guardian (Vaults:3)
  3 ettins
  5 eidola
  18 jiangshi
  17 merfolk impalers
  3 fire dragons
  15 merfolk javelineers
  3 entropy weavers
  A spriggan zombie (Crypt:1)
  2 ice dragons
  11 yaktaur captains
  7 caustic shrike simulacra (IceCv)
  A hell beast (Zot:3)
  Harold (Orc:1)
  9 great orbs of eyes
  6 rakshasas
  14 vault guards
  5 deep elf high priests
  7 hydras
  7 ironbound frosthearts
  2 peacekeepers (Vaults:3)
  11 anacondas
  6 death knights
  An ogre mage (Vaults:2)
  5 spriggan air magi
  4 salamander tyrants
  9 boulder beetles
  An Orb Guardian zombie (Crypt:1)
  10 merfolk aquamancers
  6 merfolk avatars
  3 catoblepae (Lair:5)
  4 satyrs
  33 dancing weapons
  10 centaur warriors
  3 alligator snapping turtles
  2 two-headed ogres
  An alligator (Lair:5)
  16 death yaks
  A sphinx skeleton (Vaults:2)
  7 spriggan berserkers
  8 vampire magi
  A tengu warrior (D:15)
  A fenstrider witch skeleton (Crypt:3)
  3 deep troll earth magi
  An orc high priest (Orc:2)
  5 occultists (WizLab)
  7 deep troll shamans
  10 naga warriors
  7 shock serpents
  14 naga sharpshooters
  6 hell knights
  An emperor scorpion zombie (Crypt:1)
  Sonja (Orc:1)
  Urug (Orc:1)
  18 deep elf knights
  3 soul eaters
  5 sun demons
  Nergalle (Lair:2)
  A fire crab (Lair:5)
  2 titan skeletons (Crypt:3)
  9 salamander mystics
  18 skeletal warriors
  2 shadow wraiths
  4 skysharks
  4 flayed ghosts
  A storm dragon zombie (Crypt:3)
  A golden dragon zombie (Crypt:2)
  5 iron trolls
  2 iron giant zombies (Crypt:2)
  14 sea snakes
  A goliath frog (shapeshifter) (Depths:3)
  A sea snake (shapeshifter) (Depths:3)
  48 deep trolls
  A quicksilver dragon simulacrum (Vaults:2)
  3 sixfirhies
  16 deep elf archers
  12 mana vipers
  3 glowing orange brains
  An anaconda zombie (Crypt:2)
  2 spriggan druids (WizLab)
  3 bog bodies
  6 orc knights
  5 ironbound convokers
  23 harpies
  2 obsidian statues (IceCv)
  12 phantasmal warriors
  An iron giant skeleton (Crypt:2)
  10 arcanists
  A lindwurm (shapeshifter) (Depths:3)
  A bunyip skeleton (Crypt:3)
  6 thermic dynamos
  10 naga ritualists
  32 deep elf zephyrmancers
  12 necromancers
  7 lindwurms
  36 deep elf pyromancers
  A human zombie (Vaults:4)
  A wolf spider (D:15)
  An alligator zombie (Crypt:1)
  A broodmother zombie (Crypt:3)
  7 cyclopes
  28 ugly things
  5 fauns
  3 orc sorcerers
  4 shining eyes
  A worldbinder (WizLab)
  26 salamanders
  14 manticores
  13 moths of wrath
  A kobold blastminer (Orc:1)
  A meliai (shapeshifter) (D:15)
  94 slime creatures
  10 merfolk sirens
  3 meliai (D:15)
  An iron dragon skeleton (Crypt:1)
  3 dire elephant zombies
  19 vault sentinels
  4 eyes of devastation
  Joseph (D:8)
  40 black mambas
  19 naga magi
  A stone giant skeleton (Crypt:3)
  19 elephants
  5 guardian serpents (Snake:4)
  A smoke demon (Depths:4)
  An ice statue (Shoals:4)
  2 centaur skeletons (Crypt:3)
  7 water nymphs
  13 cane toads
  3 naga skeletons
  An unseen horror (D:12)
  Maggie (Lair:1)
  An orange demon (Depths:4)
  3 dire elephant skeletons
  4 rime drakes
  2 hellions
  11 freezing wraiths
  21 yaktaurs
  10 komodo dragons
  3 kobold demonologists
  A tengu conjurer (Depths:4)
  2 ice devils
  An efreet (D:15)
  A hydra zombie (Crypt:3)
  An orc skeleton (Crypt:3)
  3 harpy zombies
  A purple draconian skeleton (Crypt:3)
  A golden dragon simulacrum (IceCv)
  36 merfolk
  A red devil (Depths:4)
  2 tyrant leeches (Zot:2)
  4 trolls
  A troll (shapeshifter) (D:14)
  A tarantella (Vaults:3)
  5 hornets
  7 wind drakes
  9 harpy skeletons
  A polar bear (Lair:4)
  5 human skeletons
  9 blink frogs
  An ettin zombie (Crypt:2)
  A glass eye (shapeshifter) (D:15)
  An ice dragon zombie (Crypt:1)
  5 glass eyes
  14 dream sheep
  8 snapping turtles
  A fire dragon zombie (Crypt:2)
  2 centaur simulacra
  An ettin skeleton (Crypt:1)
  2 culicivoras (Vaults:1)
  5 wyverns
  A spriggan (shapeshifter) (D:14)
  A shadow (D:13)
  8 spriggans
  2 air elementals (Elf:3)
  3 ynoxinuls (Depths:4)
  5 fire elementals
  An elf zombie (Vaults:4)
  6 wraiths
  A wyvern (shapeshifter) (Orc:2)
  9 water elementals
  56 yaks
  7 basilisks
  Eustachio (D:6)
  2 steam dragons
  3 wargs
  A wind drake skeleton (Crypt:2)
  8 vampire mosquitoes
  Menkaure (D:5)
  A yaktaur simulacrum (Vaults:2)
  A redback (Vaults:1)
  42 nagas
  An acid dragon (D:13)
  2 minotaur simulacra (IceCv)
  A harpy simulacrum (Crypt:1)
  A hydra simulacrum (IceCv)
  19 water moccasins
  A water moccasin (shapeshifter) (D:14)
  2 glowing shapeshifter skeletons
  17 orc warriors
  2 ice beasts
  A sky beast (D:7)
  3 ettin simulacra
  7 ogres
  8 laughing skulls
  14 wolves
  10 boggarts (D:15)
  5 centaurs
  2 phantoms
  2 weeping skulls (Ossuary)
  5 kobold brigands
  15 bullfrogs
  Blork the orc (D:6)
  A komodo dragon skeleton (Crypt:2)
  3 gnoll sergeants
  A cyclops zombie (Crypt:1)
  An earth elemental (Elf:1)
  2 scorpions (D:5)
  A deep troll simulacrum (IceCv)
  21 wights
  A hornet simulacrum (D:15)
  3 human simulacra
  A queen bee zombie (Crypt:1)
  3 killer bees (D:9)
  A raiju skeleton (Crypt:2)
  4 howler monkeys
  9 electric eels
  A wolf skeleton (Crypt:2)
  3 hounds
  5 bombardier beetles
  4 jellies
  Crazy Yiuf (D:5)
  10 orc priests
  4 iguanas
  A sleepcap (D:7)
  A black bear skeleton (Crypt:1)
  18 orc wizards
  A hell rat (Lair:5)
  An ogre skeleton (Crypt:1)
  5 mummies
  Robin (D:4)
  11 gnolls
  2 adders
  A steam dragon zombie (Crypt:1)
  2 shadow imps
  3 white imps
  An ufetubus (D:1)
  An adder zombie (Crypt:2)
  2 ribbon worms
  47 orcs
  9 ball pythons
  8 endoplasms
  A giant cockroach (D:3)
  2 gnoll zombies (Ossuary)
  15 goblins
  11 hobgoblins
  13 jackals
  30 kobolds
  2 quokkas (D:1)
  9 bats
  8 frilled lizards
  A kobold skeleton (Crypt:2)
  3 kobold zombies (Ossuary)
  4 orc zombies
  7 rats
  2 butterflies (Lair:2)
  25 tentacles
2276 creatures vanquished.

Vanquished Creatures (collateral kills)
  2 orbs of fire (Zot:5)
  An ancient champion (Crypt:3)
  A storm dragon (Zot:5)
  A draconian scorcher (Zot:5)
  A white draconian (Zot:5)
  A bennu zombie (Crypt:3)
  3 vampire magi (Crypt:3)
  An ogre (D:6)
  An orc (D:15)
12 creatures vanquished.

Vanquished Creatures (others)
  5 eldritch tentacles (Zot:5)
  A draconian knight (Zot:3)
  A fire giant (Depths:4)
  A white draconian (Zot:3)
  An entropy weaver (WizLab)
  A merfolk aquamancer (Shoals:4)
  An occultist (WizLab)
  An arcanist (WizLab)
  A freezing wraith (Crypt:2)
  A black bear (shapeshifter) (D:15)
  An electric eel (Lair:5)
  8 orc zombies (Orc:2)
  A starspawn tentacle (WizLab)
  19 tentacles
43 creatures vanquished.

Grand Total: 2331 creatures vanquished

Notes
Turn   | Place    | Note
-------+----------+-------------------------------------------
     0 | D:1      | jestert79 the Gnoll Alchemist began the quest for the Orb.
     0 | D:1      | Reached XP level 1. HP: 13/13 MP: 6/6
   251 | D:1      | Reached XP level 2. HP: 19/19 MP: 4/7
   904 | D:1      | Reached skill level 5 in Spellcasting
   904 | D:1      | Reached XP level 3. HP: 25/25 MP: 6/9
   907 | D:1      | Learned a level 2 spell: Mercury Vapours
   911 | D:1      | Learned a level 3 spell: Mephitic Cloud
  1322 | D:2      | Reached skill level 1 in Invocations
  1600 | D:2      | Reached skill level 1 in Fighting
  1600 | D:2      | Reached skill level 1 in Short Blades
  1600 | D:2      | Reached skill level 1 in Long Blades
  1600 | D:2      | Reached skill level 1 in Axes
  1600 | D:2      | Reached skill level 1 in Maces & Flails
  1600 | D:2      | Reached skill level 1 in Polearms
  1600 | D:2      | Reached skill level 1 in Staves
  1600 | D:2      | Reached skill level 1 in Ranged Weapons
  1600 | D:2      | Reached skill level 1 in Throwing
  1600 | D:2      | Reached skill level 1 in Armour
  1600 | D:2      | Reached skill level 1 in Shields
  1600 | D:2      | Reached skill level 1 in Unarmed Combat
  1600 | D:2      | Reached skill level 1 in Evocations
  1947 | D:2      | Reached skill level 1 in Shapeshifting
  1947 | D:2      | Reached XP level 4. HP: 32/32 MP: 6/11
  2105 | D:2      | Found a faded altar of an unknown god.
  2150 | D:2      | Reached skill level 1 in Hexes
  2150 | D:2      | Reached skill level 1 in Summonings
  2150 | D:2      | Reached skill level 1 in Necromancy
  2150 | D:2      | Reached skill level 1 in Translocations
  2150 | D:2      | Reached skill level 1 in Fire Magic
  2150 | D:2      | Reached skill level 1 in Ice Magic
  2150 | D:2      | Reached skill level 1 in Air Magic
  2150 | D:2      | Reached skill level 1 in Earth Magic
  2569 | D:3      | Reached XP level 5. HP: 37/37 MP: 6/12
  2615 | D:3      | Learned a level 4 spell: Olgreb's Toxic Radiance
  3147 | D:3      | Found a large runed translucent door.
  3147 | D:3      | Found a large runed translucent door.
  3151 | D:3      | Found a shimmering altar of Xom.
  3847 | D:4      | Found The Oracle's Delphic Readings.
  3857 | D:4      | Reached XP level 6. HP: 41/44 MP: 12/14
  3879 | D:4      | Reached skill level 2 in Fighting
  3879 | D:4      | Reached skill level 5 in Dodging
  3918 | D:4      | Bought a scroll of identify for 24 gold pieces
  3918 | D:4      | Bought a scroll of enchant armour for 90 gold pieces
  3918 | D:4      | Bought a scroll of noise for 12 gold pieces
  4061 | D:4      | Noticed Robin
  4076 | D:4      | Killed Robin
  4798 | D:4      | Found a broken altar of Ashenzari.
  5114 | D:5      | Entered Level 5 of the Dungeon
  5306 | D:5      | Found a staircase to the Ecumenical Temple.
  5308 | D:5      | Noticed a yak
  5308 | D:5      | Noticed a yak
  5332 | D:5      | Reached XP level 7. HP: 50/50 MP: 10/15
  5357 | D:5      | Noticed Menkaure
  5366 | D:5      | Killed Menkaure
  5464 | D:5      | Reached skill level 5 in Stealth
  5513 | D:5      | Found a sand-covered staircase.
  5518 | Ossuary  | Entered an ossuary
  5829 | Ossuary  | Reached skill level 3 in Fighting
  5829 | Ossuary  | Reached XP level 8. HP: 31/58 MP: 13/16
  6210 | D:5      | Learned a level 3 spell: Stone Arrow
  6242 | D:5      | Found a runed translucent door.
  6243 | D:5      | Noticed Crazy Yiuf
  6441 | D:5      | Killed Crazy Yiuf
  6450 | D:5      | Identified the +5 hammer of Dithmenos's Whim {speed, rPois
                  | rCorr Dex+3}
  6565 | Temple   | Entered the Ecumenical Temple
  6579 | Temple   | Became a worshipper of Sif Muna the Loreminder
  6625 | D:5      | Killed a yak
  6692 | D:5      | Noticed a yak
  6692 | D:5      | Noticed a yak
  6760 | D:5      | Killed a yak
  6865 | D:5      | Killed a yak
  6866 | D:5      | Killed a yak
  7274 | D:6      | Noticed Blork the orc
  7282 | D:6      | Killed Blork the orc
  7283 | D:6      | Reached XP level 9. HP: 65/65 MP: 12/18
  7287 | D:6      | Reached skill level 4 in Fighting
  7287 | D:6      | Noticed Eustachio
  7540 | D:6      | Killed Eustachio
  7826 | D:6      | Reached * piety under Sif Muna
  7887 | D:6      | Found an opulent altar of Gozag.
  7890 | D:6      | Found a hide-covered altar of Uskayaw.
  7925 | D:6      | Found a shadowy altar of Dithmenos.
  8056 | D:6      | Found a stormy altar of Qazlal.
  8237 | D:6      | Reached skill level 5 in Invocations
  8772 | D:7      | Learned a level 4 spell: Sticky Flame
  9283 | D:7      | Found Ytsos's Mail-Order Catalogue.
  9551 | D:8      | Reached skill level 5 in Fighting
  9551 | D:8      | Reached skill level 5 in Short Blades
  9551 | D:8      | Reached skill level 5 in Long Blades
  9551 | D:8      | Reached skill level 5 in Axes
  9551 | D:8      | Reached skill level 5 in Maces & Flails
  9551 | D:8      | Reached skill level 5 in Polearms
  9551 | D:8      | Reached skill level 5 in Staves
  9551 | D:8      | Reached skill level 5 in Ranged Weapons
  9551 | D:8      | Reached skill level 5 in Throwing
  9551 | D:8      | Reached skill level 5 in Armour
  9551 | D:8      | Reached skill level 5 in Shields
  9551 | D:8      | Reached skill level 5 in Unarmed Combat
  9551 | D:8      | Reached skill level 5 in Evocations
  9551 | D:8      | Reached XP level 10. HP: 70/74 MP: 11/20
  9740 | D:8      | Reached skill level 5 in Conjurations
  9833 | D:8      | Noticed Joseph
  9859 | D:8      | Killed Joseph
  9868 | D:8      | Reached skill level 5 in Shapeshifting
  9910 | D:8      | Upgraded the game from 0.32-a0-928-g1cae6b7ea0 to
                  | 0.32-a0-931-g5a2cda0630
 10161 | D:8      | Identified the +2 sling "Dabbasos" {antimagic, *Slow rN+
                  | Stlth+}
 10272 | D:8      | Found a staircase to the Lair.
 11382 | D:10     | Entered Level 10 of the Dungeon
 11393 | D:10     | Reached ** piety under Sif Muna
 11509 | D:10     | Noticed a two-headed ogre
 11523 | D:10     | Killed a two-headed ogre
 11524 | D:10     | Reached skill level 6 in Fighting
 11524 | D:10     | Reached skill level 5 in Hexes
 11524 | D:10     | Reached skill level 5 in Summonings
 11524 | D:10     | Reached skill level 5 in Necromancy
 11524 | D:10     | Reached skill level 5 in Translocations
 11524 | D:10     | Reached skill level 5 in Fire Magic
 11524 | D:10     | Reached skill level 5 in Ice Magic
 11524 | D:10     | Reached skill level 5 in Air Magic
 11524 | D:10     | Reached skill level 5 in Earth Magic
 11524 | D:10     | Reached XP level 11. HP: 81/81 MP: 5/22
 12728 | D:11     | Identified a scroll of acquirement
 12728 | D:11     | Acquired the ring "Anaq" {Str+6 SInv}
 13850 | D:12     | Noticed a boulder beetle
 13867 | D:12     | Killed a boulder beetle
 14099 | D:12     | Noticed a manticore
 14103 | D:12     | Noticed a brown ugly thing
 14275 | D:12     | Killed a brown ugly thing
 14276 | D:12     | Reached skill level 7 in Fighting
 14353 | D:12     | Killed a manticore
 14353 | D:12     | Reached *** piety under Sif Muna
 14482 | D:12     | Noticed a skeletal warrior
 14679 | Lair:1   | Entered Level 1 of the Lair of Beasts
 14696 | Lair:1   | Reached XP level 12. HP: 91/91 MP: 24/24
 14804 | Lair:1   | Found a dark tunnel.
 15023 | Lair:1   | Noticed Maggie
 15035 | Lair:1   | Killed Maggie
 15639 | Lair:2   | Found a staircase to the Snake Pit.
 16408 | Lair:2   | Noticed an eight-headed hydra
 16789 | Lair:2   | Reached **** piety under Sif Muna
 16958 | Lair:2   | Reached skill level 8 in Fighting
 17326 | Lair:2   | Killed an eight-headed hydra
 17327 | Lair:2   | Reached XP level 13. HP: 98/98 MP: 21/26
 17361 | Lair:3   | Noticed Nergalle
 17463 | Lair:2   | Killed Nergalle
 17945 | Lair:3   | Noticed Snorg
 17955 | Lair:3   | Killed Snorg
 18040 | Lair:3   | Noticed Nessos
 18049 | Lair:3   | Killed Nessos
 18050 | Lair:3   | Reached skill level 10 in Spellcasting
 18217 | Lair:3   | Identified the ring "Xamiujy" {AC+4 Dex+4}
 18369 | Lair:3   | Found a staircase to the Shoals.
 18757 | Lair:4   | Learned a level 3 spell: Maxwell's Portable Piledriver
 19069 | Lair:4   | Reached ***** piety under Sif Muna
 19172 | Lair:4   | Reached skill level 10 in Dodging
 19694 | Lair:5   | Entered Level 5 of the Lair of Beasts
 20047 | Lair:5   | Reached skill level 9 in Fighting
 20075 | Lair:4   | Reached skill level 10 in Stealth
 20445 | Lair:4   | Reached skill level 10 in Invocations
 20445 | Lair:4   | Reached XP level 14. HP: 96/108 MP: 21/28
 20804 | Lair:5   | Found a viscous altar of Jiyva.
 20805 | Lair:5   | Found a staircase to the Slime Pits.
 20823 | Lair:5   | Received a gift from Sif Muna
 20962 | Lair:5   | Noticed a dire elephant
 21009 | Lair:5   | Killed a dire elephant
 21149 | Lair:5   | Noticed a dire elephant
 21235 | Lair:5   | Killed a dire elephant
 21792 | Lair:5   | Learned a level 4 spell: Animate Dead
 21803 | Lair:5   | Acquired a manual of Fighting
 21805 | Lair:5   | Acquired 628 gold pieces
 21807 | Lair:5   | Acquired the Tome of the Effulgent Wind
 21815 | Lair:5   | Learned a level 5 spell: Irradiate
 22701 | Lair:5   | Reached skill level 10 in Fighting
 22718 | Lair:5   | Reached skill level 10 in Alchemy
 23006 | Lair:5   | Reached skill level 10 in Short Blades
 23006 | Lair:5   | Reached skill level 10 in Long Blades
 23006 | Lair:5   | Reached skill level 10 in Axes
 23006 | Lair:5   | Reached skill level 10 in Maces & Flails
 23006 | Lair:5   | Reached skill level 10 in Polearms
 23006 | Lair:5   | Reached skill level 10 in Staves
 23006 | Lair:5   | Reached skill level 10 in Ranged Weapons
 23006 | Lair:5   | Reached skill level 10 in Throwing
 23006 | Lair:5   | Reached skill level 10 in Armour
 23006 | Lair:5   | Reached skill level 10 in Shields
 23006 | Lair:5   | Reached skill level 10 in Unarmed Combat
 23006 | Lair:5   | Reached skill level 10 in Evocations
 23513 | D:7      | Bought the +7 lajatang of Order {silver, rMut} for 626 gold
                  | pieces
 23513 | D:7      | Found the +7 lajatang of Order {silver, rMut}
 23870 | D:12     | Received a gift from Sif Muna
 23873 | D:12     | Got Sif Muna's Vademecum on the Gift and the Evil Eye {god
                  | gift}
 23982 | D:12     | Found Zuaf's Fire Supplies.
 23982 | D:12     | Identified the +0 scale mail "Wotraaw" {Harm Regen+}
 23996 | D:12     | Bought a scroll of immolation for 48 gold pieces
 23996 | D:12     | Bought the Volume of the Arcane for 456 gold pieces
 24001 | D:12     | Learned a level 4 spell: Ignite Poison
 24231 | D:12     | Found a staircase to the Orcish Mines.
 24372 | D:12     | Reached XP level 15. HP: 117/117 MP: 16/30
 24675 | D:12     | Found a large runed translucent door.
 24676 | D:12     | Found a large runed translucent door.
 24678 | D:12     | Noticed Vynoutz's ghost (journeyman OpFi)
 24913 | Orc:1    | Entered Level 1 of the Orcish Mines
 24915 | Orc:1    | Noticed Urug
 24985 | Orc:1    | Noticed Sonja
 24988 | Orc:1    | Killed Sonja
 24992 | Orc:1    | Killed Urug
 24993 | Orc:1    | Noticed Harold
 25217 | Orc:1    | Killed Harold
 25530 | Orc:2    | Entered Level 2 of the Orcish Mines
 25544 | Orc:2    | Found a roughly hewn altar of Beogh.
 25803 | Orc:2    | Found Fuecesche's Armour Boutique.
 26078 | Orc:2    | Found a staircase to the Elven Halls.
 26143 | Orc:2    | Noticed an orc warlord
 26147 | Orc:2    | Reached skill level 11 in Fighting
 26156 | Orc:2    | Killed an orc warlord
 26475 | Orc:2    | Received a gift from Sif Muna
 26476 | Orc:2    | Got Sif Muna's Annotations on Blinking Assaults {god gift}
 26612 | Orc:2    | Found a roughly hewn altar of Beogh.
 26614 | Orc:2    | Found Aben's General Store.
 26755 | Orc:2    | Found Genas's Antique Armour Shoppe.
 26789 | Orc:2    | Bought a scroll of identify for 30 gold pieces
 26798 | Orc:2    | Found Jijourr's Book Shoppe.
 26814 | Orc:2    | Found Gyepseco's Antique Weapon Shoppe.
 27180 | D:13     | Found a gate leading to a gauntlet.
 27193 | Gauntlet | Entered a Gauntlet
 27193 | Gauntlet | Found a transporter.
 27193 | Gauntlet | Found a transporter.
 27193 | Gauntlet | Found a transporter.
 27229 | Gauntlet | Found a transporter.
 27231 | Gauntlet | Found a transporter.
 27237 | Gauntlet | Found a transporter.
 27240 | Gauntlet | Found a transporter.
 27244 | Gauntlet | Found a runed translucent door.
 27246 | Gauntlet | Found a runed translucent door.
 27248 | Gauntlet | Found a transporter.
 27266 | Gauntlet | Found a transporter.
 27286 | Gauntlet | Found a transporter.
 27287 | Gauntlet | Found a transporter.
 27289 | Gauntlet | Found a runed translucent gate.
 27289 | Gauntlet | Found a runed translucent gate.
 27289 | Gauntlet | Found a runed translucent gate.
 27290 | Gauntlet | Found a large runed translucent door.
 27290 | Gauntlet | Found a large runed translucent door.
 27291 | Gauntlet | Found a large runed translucent door.
 27292 | Gauntlet | Found a large runed translucent door.
 27293 | Gauntlet | Found a large runed translucent door.
 27293 | Gauntlet | Found a large runed translucent door.
 27293 | Gauntlet | Found a runed translucent door.
 27294 | Gauntlet | Found a large runed translucent door.
 27295 | Gauntlet | Found a large runed translucent door.
 27297 | Gauntlet | Found a transporter.
 27336 | Gauntlet | Found a large runed translucent door.
 27337 | Gauntlet | Found a large runed translucent door.
 27338 | Gauntlet | Found a large runed translucent door.
 27338 | Gauntlet | Found a large runed translucent door.
 27338 | Gauntlet | Found a runed translucent door.
 27339 | Gauntlet | Found a large runed translucent door.
 27340 | Gauntlet | Found a large runed translucent door.
 27341 | Gauntlet | Found a large runed translucent door.
 27341 | Gauntlet | Found a large runed translucent door.
 27578 | Gauntlet | Identified the +2 hat of the Rose {Str+5}
 27607 | Gauntlet | Identified the +3 orcbow of Moderation {speed, rCorr}
 27607 | Gauntlet | Identified the ring "Upiotic" {Fire Will+ SInv}
 27695 | Gauntlet | Identified the +7 tower shield of the Rose {rCorr MP+9
                  | Int+2}
 27699 | Gauntlet | Got the Papyrus of Nonlocality
 27703 | Gauntlet | Identified the +1 ring mail "Riradyji" {Str+4}
 28156 | D:13     | Found Miyjopnu's Book Emporium.
 28288 | D:13     | Found Reurr's Weapon Shoppe.
 28321 | D:13     | Noticed Jorgrun
 28513 | D:13     | Killed Jorgrun
 29318 | D:14     | Found a white marble altar of Elyvilon.
 30183 | D:4      | Bought a Trismegistus Codex for 336 gold pieces
 30195 | D:4      | Learned a level 5 spell: Freezing Cloud
 30959 | D:14     | Found a gate to the Vaults.
 31266 | D:15     | Entered Level 15 of the Dungeon
 31293 | D:15     | Reached skill level 12 in Fighting
 31296 | D:15     | Reached skill level 10 in Shapeshifting
 31546 | D:15     | Reached XP level 16. HP: 68/127 MP: 30/32
 33496 | D:15     | Found a staircase to the Depths.
 33864 | D:15     | Found a runed translucent gate.
 33865 | D:15     | Found a runed translucent gate.
 33899 | D:15     | Found a runed translucent gate.
 34340 | D:15     | Received a gift from Sif Muna
 34346 | D:15     | Got Sif Muna's Catalogue of Signs {god gift}
 34481 | D:15     | Noticed Plog's ghost (adept GrBe)
 35226 | Snake:1  | Entered Level 1 of the Snake Pit
 35445 | Snake:1  | Got the Papyrus of the Singularity
 36033 | Snake:1  | Reached skill level 13 in Fighting
 36438 | Snake:1  | Reached skill level 10 in Conjurations
 36684 | Snake:1  | Found Oqif's Gadget Gallery.
 39176 | Snake:2  | Identified the serpent talisman "Juoseo" {Int+4}
 39176 | Snake:2  | Noticed Aizul
 39282 | Snake:2  | Reached XP level 17. HP: 135/137 MP: 26/33
 39582 | Snake:2  | Killed Aizul
 39704 | Snake:2  | Found Lufoik's Magic Scroll Shoppe.
 39706 | Snake:2  | Found Cisimp's Distillery.
 39708 | Snake:2  | Found Buikosi's Distillery.
 39712 | Snake:2  | Bought a scroll of blinking for 82 gold pieces
 39712 | Snake:2  | Bought a scroll of teleportation for 33 gold pieces
 39712 | Snake:2  | Bought a scroll of teleportation for 33 gold pieces
 39723 | Snake:2  | Reached skill level 10 in Hexes
 39723 | Snake:2  | Reached skill level 10 in Summonings
 39723 | Snake:2  | Reached skill level 10 in Necromancy
 39723 | Snake:2  | Reached skill level 10 in Translocations
 39723 | Snake:2  | Reached skill level 10 in Fire Magic
 39723 | Snake:2  | Reached skill level 10 in Ice Magic
 39723 | Snake:2  | Reached skill level 10 in Air Magic
 39723 | Snake:2  | Reached skill level 10 in Earth Magic
 40446 | Snake:3  | Received a gift from Sif Muna
 40449 | Snake:3  | Got Sif Muna's Incunabulum of the Rallied Cwm {god gift}
 41405 | Snake:3  | Reached skill level 14 in Fighting
 41919 | Snake:3  | Found Qajaonic's Book Emporium.
 41919 | Snake:3  | Found Cumpusoq's Jewellery Boutique.
 41920 | Snake:3  | Found Qounofoi's Book Emporium.
 42806 | Snake:4  | Entered Level 4 of the Snake Pit
 42806 | Snake:4  | Found Soshryokk's Jewellery Shop.
 44881 | Snake:4  | Reached XP level 18. HP: 146/147 MP: 32/35
 45455 | Snake:4  | Reached skill level 15 in Fighting
 45907 | Snake:4  | Got a serpentine rune of Zot
 46192 | Shoals:1 | Entered Level 1 of the Shoals
 46456 | Shoals:1 | Received a gift from Sif Muna
 46457 | Shoals:1 | Got Sif Muna's Treatise on Locality and the Gang {god gift}
 46940 | Shoals:1 | Found a sacrificial altar of Ru.
 47937 | Shoals:2 | Noticed Ilsuiw
 47959 | Shoals:2 | Killed Ilsuiw
 49810 | Shoals:2 | Got the Quarto of Impulse and Rallying
 50380 | Shoals:3 | Reached XP level 19. HP: 157/157 MP: 35/37
 50462 | Shoals:3 | Found a runed translucent gate.
 50462 | Shoals:3 | Found a runed translucent gate.
 50462 | Shoals:3 | Found a runed translucent gate.
 50669 | Shoals:3 | Reached skill level 16 in Fighting
 50965 | Shoals:3 | Received a gift from Sif Muna
 51057 | Shoals:3 | Noticed Louise
 51066 | Shoals:3 | Killed Louise
 51614 | Shoals:4 | Entered Level 4 of the Shoals
 51614 | Shoals:4 | Found a transporter.
 51679 | Shoals:4 | Found a transporter.
 51723 | Shoals:4 | Found a glacial archway.
 51805 | IceCv    | Entered an ice cave
 52560 | IceCv    | Learned a level 5 spell: Summon Mana Viper
 52615 | IceCv    | Noticed an Ice Fiend
 52622 | IceCv    | Killed an Ice Fiend
 52632 | IceCv    | Got the Thoughts on Freezing
 52800 | Shoals:4 | Reached ****** piety under Sif Muna
 53269 | Shoals:4 | Got a barnacled rune of Zot
 53286 | Shoals:4 | Received a gift from Sif Muna
 53591 | Shoals:4 | Identified the +5 sling "Zaojan" {flame, rN++ SInv}
 53706 | Shoals:4 | Found a transporter.
 53709 | Shoals:4 | Found a transporter.
 53935 | Shoals:4 | Found a transporter.
 53941 | Shoals:4 | Found a transporter.
 53967 | Shoals:4 | Reached skill level 15 in Invocations
 54328 | Shoals:4 | Got Sif Muna's Dissertation on the Oath {god gift}
 54335 | Shoals:4 | Learned a level 5 spell: Yara's Violent Unravelling
 54733 | Shoals:4 | Reached skill level 17 in Fighting
 55340 | D:4      | Bought a scroll of enchant weapon for 90 gold pieces
 55615 | Vaults:1 | Entered Level 1 of the Vaults
 55622 | Vaults:1 | Reached XP level 20. HP: 158/168 MP: 25/38
 57105 | Vaults:1 | Received a gift from Sif Muna
 58048 | Vaults:2 | Reached skill level 15 in Spellcasting
 58771 | Vaults:2 | Identified the staff of Juci {rF+ rN+ Will- Earth}
 58771 | Vaults:2 | Identified the +0 ring mail "Cievvy" {rF+ Str+3}
 58777 | Vaults:2 | Identified the ring of Lizuquas {^Drain rF+++ rN++ Dex+6
                  | SInv}
 58907 | Vaults:2 | Reached skill level 15 in Dodging
 59159 | Vaults:2 | Received a gift from Sif Muna
 59160 | Vaults:2 | Got Sif Muna's Grimoire of the Union and the Nimbus {god
                  | gift}
 59279 | Vaults:2 | Reached skill level 15 in Stealth
 59346 | Vaults:2 | Reached skill level 18 in Fighting
 59618 | Vaults:2 | Identified the +1 pair of boots "Giadwick" {+Blink}
 59918 | Vaults:2 | Found Uwomuiph's Weapon Shop.
 60005 | Vaults:2 | Found Selanob's Armour Shoppe.
 60810 | Vaults:3 | Reached XP level 21. HP: 160/177 MP: 34/40
 61630 | Vaults:3 | Found Gajon's Jewellery Shoppe.
 61653 | Vaults:3 | Received a gift from Sif Muna
 61656 | Vaults:3 | Got Sif Muna's Compendium of Cold Exhumation {god gift}
 62040 | Vaults:3 | Found a staircase to the Crypt.
 62320 | Vaults:3 | Learned a level 6 spell: Bombard
 62917 | Vaults:3 | Reached skill level 15 in Short Blades
 62917 | Vaults:3 | Reached skill level 15 in Long Blades
 62917 | Vaults:3 | Reached skill level 15 in Axes
 62917 | Vaults:3 | Reached skill level 15 in Maces & Flails
 62917 | Vaults:3 | Reached skill level 15 in Polearms
 62917 | Vaults:3 | Reached skill level 15 in Staves
 62917 | Vaults:3 | Reached skill level 15 in Ranged Weapons
 62917 | Vaults:3 | Reached skill level 15 in Throwing
 62917 | Vaults:3 | Reached skill level 15 in Armour
 62917 | Vaults:3 | Reached skill level 15 in Shields
 62917 | Vaults:3 | Reached skill level 15 in Unarmed Combat
 62917 | Vaults:3 | Reached skill level 15 in Evocations
 63823 | Vaults:4 | Identified the +3 mace "Nymnyod" {venom, rN+ Will+}
 64799 | Vaults:4 | Received a gift from Sif Muna
 65052 | Vaults:4 | Reached skill level 19 in Fighting
 65766 | Elf:1    | Entered Level 1 of the Elven Halls
 65932 | Elf:1    | Reached XP level 22. HP: 140/187 MP: 27/42
 66633 | Elf:1    | Found a runed translucent door.
 66633 | Elf:1    | Noticed freelancePsychic's ghost (adept DsWn)
 66687 | Elf:1    | Found an ancient bone altar of Kikubaaqudgha.
 66832 | Elf:1    | Found a hide-covered altar of Uskayaw.
 66891 | Elf:1    | Received a gift from Sif Muna
 66892 | Elf:1    | Got Gifanloy's Incunable of Assembling and the Winter {god
                  | gift}
 67857 | Elf:2    | Found a runed translucent gate.
 67866 | Elf:2    | Found a runed translucent gate.
 67872 | Elf:2    | Found a runed translucent gate.
 68143 | Elf:2    | Identified the amulet of Fepi {Faith rF+ Int+2 Stlth+}
 68415 | Elf:2    | Found Poin's General Store.
 68418 | Elf:2    | Found Plog's Weapon Shop.
 68418 | Elf:2    | Found Yhaoro's Antique Weapon Boutique.
 68423 | Elf:2    | Found Zasolal's Distillery.
 69468 | Elf:3    | Entered Level 3 of the Elven Halls
 69986 | Elf:3    | Paralysed by an air elemental for 1 turns
 70440 | Elf:3    | Identified the +9 quarterstaff of Profit {speed, rElec rF+}
 70440 | Elf:3    | Identified the amulet of Zeolipp {Acrobat rPois rN++}
 70586 | Elf:3    | Identified the +0 leather armour of the Treeataur {+Blink
                  | Int+2}
 70602 | Elf:3    | Received a gift from Sif Muna
 70896 | Elf:3    | Identified the +14 gold dragon scales "Alivuut" {Fly rPois
                  | rF+ rC+ rCorr Str+6}
 70896 | Elf:3    | Identified the ring "Lytivang" {rN+ Dex+5}
 70922 | Elf:3    | Identified the +6 great mace "Hagosino" {elec, rF- Str+6}
 70980 | Elf:2    | Upgraded the game from 0.32-a0-931-g5a2cda0630 to
                  | 0.32-a0-933-ga8fa3634e4
 71070 | Elf:3    | Reached skill level 20 in Fighting
 71197 | Elf:3    | Identified the +0 quarterstaff of Cruel Justice {flame, rF-
                  | Will++ Str-3 Int+9}
 71267 | Elf:3    | Identified the +2 hand axe of Crawling {venom, rN+ Int+2}
 71533 | Elf:3    | Identified the +0 chain mail of Mehenn {Harm rElec Will+
                  | Regen+}
 71543 | Elf:3    | Reached XP level 23. HP: 196/196 MP: 31/43
 71757 | Elf:3    | Identified the staff of Exceptional Gallantry {rC+ rCorr
                  | Str+2 Dex+3 Ice}
 71774 | Elf:3    | Identified the staff of Death {rPois rF+ Dex+5 Fire Air}
 71842 | Elf:3    | Learned a level 6 spell: Dispersal
 72487 | Crypt:1  | Entered Level 1 of the Crypt
 72720 | Crypt:1  | Received a gift from Sif Muna
 73630 | Crypt:1  | Received a gift from Sif Muna
 73636 | Crypt:1  | Got Sif Muna's Guide on Conjured Clouds {god gift}
 74115 | Crypt:2  | Noticed Bai Suzhen
 74847 | Crypt:2  | Reached skill level 15 in Shapeshifting
 75184 | Crypt:2  | Noticed a royal mummy
 75185 | Crypt:2  | Noticed Khufu
 75185 | Crypt:2  | Noticed a royal mummy
 75755 | Crypt:2  | Killed Bai Suzhen
 76791 | Crypt:2  | Gained mutation: Armour fits poorly on your strangely
                  | shaped body. [mutagenic glow]
 77136 | Crypt:2  | Killed Khufu
 77420 | Crypt:2  | Killed a royal mummy
 77664 | Crypt:2  | Killed a royal mummy
 78001 | Crypt:3  | Entered Level 3 of the Crypt
 78866 | Crypt:3  | Paralysed by a vampire knight for 4 turns
 79226 | Crypt:3  | Identified the ring of Emoumas {rPois rF+ rN++ rCorr}
 79226 | Crypt:3  | Identified the ring of Qealis {rC+ rN++ Int+4}
 79332 | Crypt:3  | Noticed a curse toe
 79342 | Crypt:3  | Killed a curse toe
 79587 | Crypt:3  | Reached skill level 15 in Alchemy
 79838 | Crypt:3  | Received a gift from Sif Muna
 79860 | Crypt:3  | Reached skill level 21 in Fighting
 79889 | Crypt:3  | Got Sif Muna's Anthology of Freezing Abominable Liturgies
                  | {god gift}
 80225 | Crypt:3  | Paralysed by a vampire knight for 5 turns
 80243 | Crypt:3  | Reached XP level 24. HP: 116/208 MP: 41/44
 80432 | Crypt:3  | Found a staircase to the Tomb.
 80476 | Crypt:3  | Identified the +4 scale mail "Amuacvab" {rN+ Regen+ Dex+3}
 81583 | Orc:2    | Bought a potion of haste for 150 gold pieces
 81583 | Orc:2    | Bought a staff of conjuration for 375 gold pieces
 82649 | Crypt:3  | Noticed an ancient lich
 82655 | Crypt:3  | Killed an ancient lich
 82657 | Crypt:3  | Found the +8 arc blade {discharge, rElec}
 82720 | Crypt:3  | Identified the +6 rapier of Poverty {heavy, rPois rCorr
                  | Dex+3 SInv}
 83253 | Depths:1 | Entered Level 1 of the Depths
 83253 | Depths:1 | Found Engobor's Antique Armour Boutique.
 83254 | Depths:1 | Found a magical portal.
 83294 | Depths:1 | Found a gateway to Hell.
 83332 | WizLab   | Entered Alistair's Party Mansion
 83338 | WizLab   | Reached skill level 15 in Fire Magic
 84200 | WizLab   | Received a gift from Sif Muna
 84224 | WizLab   | Got Sif Muna's Commentary on Cunning Hail {god gift}
 84493 | WizLab   | Acquired a manual of Summonings
 84648 | Depths:1 | Bought a dazzling leather armour for 231 gold pieces
 84648 | Depths:1 | Identified the +1 leather armour of the Blessed Realm {Fly
                  | rElec rC+} (You bought it in a shop on level 1 of the
                  | Depths)
 84648 | Depths:1 | Bought a dazzling ring mail for 297 gold pieces
 84648 | Depths:1 | Identified the +3 ring mail "Hopa" {Harm Will- Str+7} (You
                  | bought it in a shop on level 1 of the Depths)
 84648 | Depths:1 | Bought a pitted leather armour for 231 gold pieces
 84648 | Depths:1 | Identified the +1 leather armour of the Sun {+Blink Str+2}
                  | (You bought it in a shop on level 1 of the Depths)
 84650 | Depths:1 | Bought a runed cloak for 247 gold pieces
 84657 | Depths:1 | Found a one-way gateway to a ziggurat.
 84843 | Depths:1 | Found Sacullud's Antique Armour Shoppe.
 85275 | Depths:1 | Found a snail-covered altar of Cheibriados.
 85392 | Depths:1 | Found Cuuweap's Book Shop.
 85435 | Depths:1 | Found Mugh's Weapon Shoppe.
 85503 | Depths:1 | Found Barerewk's Weapon Emporium.
 85612 | Depths:2 | Noticed the Enchantress
 85770 | Depths:2 | Gained mutation: Your health recovers twice as slowly from
                  | being drained. [mutagenic glow]
 85789 | Depths:1 | Gained mutation: You are vulnerable to heat. (rF-)
                  | [mutagenic glow]
 85801 | Depths:1 | Gained mutation: Potions are less effective at restoring
                  | your health. [mutagenic glow]
 85945 | Depths:1 | Lost mutation: Armour fits poorly on your strangely shaped
                  | body. [potion of mutation]
 85945 | Depths:1 | Lost mutation: Your health recovers twice as slowly from
                  | being drained. [potion of mutation]
 85945 | Depths:1 | Lost mutation: You are vulnerable to heat. (rF-) [potion of
                  | mutation]
 85945 | Depths:1 | Gained mutation: You occasionally lose the ability to drink
                  | potions when taking damage. [potion of mutation]
 85945 | Depths:1 | Gained mutation: You are resistant to electric shocks.
                  | (rElec) [potion of mutation]
 85946 | Depths:1 | Lost mutation: You occasionally lose the ability to drink
                  | potions when taking damage. [potion of mutation]
 85946 | Depths:1 | Lost mutation: You are resistant to electric shocks.
                  | (rElec) [potion of mutation]
 85946 | Depths:1 | Gained mutation: You have a somewhat thin skeletal
                  | structure. (Dex +2, Stealth+) [potion of mutation]
 85946 | Depths:1 | Gained mutation: Your body sometimes deteriorates upon
                  | taking damage. [potion of mutation]
 85946 | Depths:1 | Gained mutation: You have sharp toenails. [potion of
                  | mutation]
 85947 | Depths:1 | Lost mutation: You have sharp toenails. [potion of
                  | mutation]
 85947 | Depths:1 | Lost mutation: You have a somewhat thin skeletal structure.
                  | (Dex +2, Stealth+) [potion of mutation]
 85947 | Depths:1 | Gained mutation: Armour fits poorly on your strangely
                  | shaped body. [potion of mutation]
 85947 | Depths:1 | Gained mutation: Your muscles are strong. (Str +4, Int/Dex
                  | -1) [potion of mutation]
 85947 | Depths:1 | Gained mutation: You have an increased reservoir of magic.
                  | (+10% MP) [potion of mutation]
 85947 | Depths:1 | Gained mutation: Your flesh is cold resistant. (rC+)
                  | [potion of mutation]
 86225 | Depths:2 | Found a transporter.
 86441 | Depths:1 | Killed the Enchantress
 86879 | Snake:2  | Bought a potion of might for 76 gold pieces
 86879 | Snake:2  | Bought a potion of haste for 190 gold pieces
 86879 | Snake:2  | Bought a potion of brilliance for 76 gold pieces
 86879 | Snake:2  | Bought a potion of haste for 190 gold pieces
 86879 | Snake:2  | Bought a potion of mutation for 152 gold pieces
 86885 | Snake:2  | Bought a potion of heal wounds for 90 gold pieces
 86885 | Snake:2  | Bought a potion of resistance for 180 gold pieces
 86885 | Snake:2  | Bought 2 potions of might for 144 gold pieces
 86885 | Snake:2  | Bought a potion of resistance for 180 gold pieces
 86885 | Snake:2  | Bought a potion of haste for 180 gold pieces
 86921 | Snake:1  | Bought a Gell's gravitambourine (2/2) for 600 gold pieces
 86921 | Snake:1  | Bought a box of beasts for 600 gold pieces
 87516 | Depths:2 | You fall into a shaft and drop 1 floor!
 87536 | Depths:3 | Found a one-way gate to the infinite horrors of the Abyss.
 87992 | Depths:2 | Found a one-way gate leading to the halls of Pandemonium.
 88196 | Depths:2 | Noticed a juggernaut
 88200 | Depths:2 | Found a bloodstained altar of Trog.
 88200 | Depths:2 | Found the +8 Wrath of Trog {antimagic, *Rage Rampage}
 88552 | Depths:3 | Reached XP level 25. HP: 216/216 MP: 49/49
 88562 | Depths:3 | Reached skill level 22 in Fighting
 88670 | Depths:3 | Reached skill level 15 in Summonings
 88707 | Depths:3 | Identified the ring of Tonlaasuma {^Drain rPois MP+9 Int+2
                  | SInv}
 88862 | Depths:3 | Received a gift from Sif Muna
 88895 | Depths:3 | Acquired Great Wizards, Vol. II
 88906 | Depths:3 | Learned a level 7 spell: Orb of Destruction
 88994 | Depths:3 | Identified the staff of the Sheltering Genius {rCorr MP+9
                  | Dex+4 Earth}
 89042 | Depths:3 | Identified the granite talisman of the Centipede {rN+ Str+2
                  | Int+3}
 89392 | Depths:3 | Identified the +2 quarterstaff of Balance {heavy, rPois
                  | Will- MP+9 Dex+4}
 89480 | Depths:4 | Entered Level 4 of the Depths
 89495 | Depths:3 | Reached skill level 15 in Conjurations
 90510 | Depths:4 | Reached skill level 15 in Hexes
 90510 | Depths:4 | Reached skill level 15 in Necromancy
 90510 | Depths:4 | Reached skill level 15 in Translocations
 90510 | Depths:4 | Reached skill level 15 in Ice Magic
 90510 | Depths:4 | Reached skill level 15 in Air Magic
 90510 | Depths:4 | Reached skill level 15 in Earth Magic
 91267 | Depths:4 | Received a gift from Sif Muna
 91452 | Depths:4 | Got Sif Muna's Folio of Hurting and Haze {god gift}
 91674 | Depths:4 | Found a gate to the Realm of Zot.
 92368 | Slime:1  | Entered Level 1 of the Pits of Slime
 92445 | Slime:1  | You fall into a shaft and drop 1 floor!
 92660 | Slime:1  | Gained mutation: Your health recovers twice as slowly from
                  | being drained. [a shining eye]
 94337 | Slime:3  | Reached XP level 26. HP: 227/227 MP: 48/50
 94633 | Slime:3  | Reached skill level 23 in Fighting
 94718 | Slime:5  | Entered Level 5 of the Pits of Slime
 95004 | Slime:5  | Received a gift from Sif Muna
 95005 | Slime:5  | Got Sif Muna's Directory of Dusty Mustering {god gift}
 95183 | Slime:5  | Noticed the Royal Jelly
 95189 | Slime:5  | Killed the Royal Jelly
 96565 | Slime:5  | Identified the +0 barding of Valiance {^Contam rCorr Dex+4}
 96586 | Slime:5  | Got a slimy rune of Zot
 96589 | Slime:5  | Identified the +6 orcbow "Emohoceute" {heavy, *Slow Str+6
                  | Int-3 Stlth+}
 96622 | Slime:5  | Identified the staff of Toimpobu {rPois rF- rC+ Int+6 Ice}
 97147 | Zot:1    | Entered Level 1 of the Realm of Zot
 98454 | Zot:2    | Found a transporter.
 98760 | Zot:2    | Noticed an orb of fire
 98775 | Zot:2    | Killed an orb of fire
 98896 | Zot:2    | Found a transporter.
100636 | Zot:3    | Learned a level 7 spell: Malign Gateway
101256 | Zot:3    | Noticed an orb of fire
101263 | Zot:3    | Killed an orb of fire
101367 | Zot:3    | Noticed a Killer Klown
101369 | Zot:3    | Noticed a Killer Klown
101617 | Zot:3    | Killed a Killer Klown
101806 | Zot:3    | Killed a Killer Klown
101807 | Zot:3    | Reached XP level 27. HP: 226/237 MP: 23/50
102819 | Zot:4    | Reached skill level 24 in Fighting
103239 | Zot:4    | Found the +8 lance "Wyrmbane" {slay drac, rPois rF+ rC+
                  | AC+3}
103452 | Zot:4    | Received a gift from Sif Muna
103772 | Zot:5    | Entered Level 5 of the Realm of Zot
105022 | Zot:5    | Noticed an orb of fire
105023 | Zot:5    | Noticed an orb of fire
105025 | Zot:5    | Noticed an orb of fire
105027 | Zot:5    | Gained mutation: You occasionally shout uncontrollably at
                  | your foes. [an orb of fire]
105030 | Zot:5    | Gained mutation: A frigid envelope surrounds you and
                  | freezes all who hurt you. [an orb of fire]
105030 | Zot:5    | Lost mutation: Your muscles are strong. (Str +4, Int/Dex
                  | -1) [an orb of fire]
105030 | Zot:5    | Noticed an orb of fire
105033 | Zot:5    | Noticed an orb of fire
105157 | Zot:5    | Gained mutation: Your body often deteriorates upon taking
                  | damage. [an orb of fire]
105164 | Zot:5    | Killed an orb of fire
105168 | Zot:5    | Killed an orb of fire
105168 | Zot:5    | Lost mutation: You have an increased reservoir of magic.
                  | (+10% MP) [an orb of fire]
105173 | Zot:5    | Killed an orb of fire
105196 | Zot:4    | Gained mutation: You do not regenerate when monsters are
                  | visible. [an orb of fire]
105199 | Zot:4    | Gained mutation: Potions cannot restore your health. [an
                  | orb of fire]
105200 | Zot:4    | Killed an orb of fire
105321 | Zot:4    | Lost mutation: Armour fits poorly on your strangely shaped
                  | body. [potion of mutation]
105321 | Zot:4    | Lost mutation: Your flesh is cold resistant. (rC+) [potion
                  | of mutation]
105321 | Zot:4    | Gained mutation: You are strong-willed. (Will+) [potion of
                  | mutation]
105321 | Zot:4    | Gained mutation: You have large cloven feet. [potion of
                  | mutation]
105322 | Zot:4    | Lost mutation: You do not regenerate when monsters are
                  | visible. [potion of mutation]
105322 | Zot:4    | Lost mutation: Potions cannot restore your health. [potion
                  | of mutation]
105322 | Zot:4    | Gained mutation: You frequently scream uncontrollably at
                  | your foes. [potion of mutation]
105455 | Zot:5    | Lost mutation: A frigid envelope surrounds you and freezes
                  | all who hurt you. [an orb of fire]
105456 | Zot:5    | Killed an orb of fire
105722 | Zot:5    | Noticed a dread lich
105725 | Zot:5    | Killed a dread lich
105725 | Zot:5    | Noticed an orb of fire
105835 | Zot:5    | Gained mutation: You are weak. (Str -2) [an orb of fire]
105836 | Zot:5    | Gained mutation: You occasionally lose the ability to read
                  | scrolls when taking damage. [an orb of fire]
105840 | Zot:5    | Killed an orb of fire
105851 | Zot:5    | Lost mutation: Your health recovers twice as slowly from
                  | being drained. [potion of mutation]
105851 | Zot:5    | Lost mutation: You occasionally lose the ability to read
                  | scrolls when taking damage. [potion of mutation]
105851 | Zot:5    | Gained mutation: Your system is resistant to poisons.
                  | (rPois) [potion of mutation]
105851 | Zot:5    | Gained mutation: You have hoof-like feet. [potion of
                  | mutation]
105895 | Zot:5    | Noticed an orb of fire
105898 | Zot:5    | Gained mutation: You are clumsy. (Dex -2) [an orb of fire]
105899 | Zot:5    | Gained mutation: You have hidden genetic defects. [an orb
                  | of fire]
105903 | Zot:5    | Killed an orb of fire
105930 | Zot:5    | Noticed an orb of fire
106183 | Zot:5    | Killed an orb of fire
106422 | Zot:5    | Noticed an orb of fire
106434 | Zot:5    | Noticed an ancient lich
106440 | Zot:5    | Killed an ancient lich
106707 | Zot:5    | Gained mutation: You occasionally lose the ability to read
                  | scrolls when taking damage. [an orb of fire]
106709 | Zot:5    | Killed an orb of fire
106723 | Zot:5    | Lost mutation: You occasionally lose the ability to read
                  | scrolls when taking damage. [potion of mutation]
106723 | Zot:5    | Lost mutation: You are weak. (Str -2) [potion of mutation]
106723 | Zot:5    | Lost mutation: You are clumsy. (Dex -2) [potion of
                  | mutation]
106723 | Zot:5    | Gained mutation: You are agile. (Dex +4, Str/Int -1)
                  | [potion of mutation]
107150 | Zot:5    | Gained mutation: You have terrible hidden genetic defects.
                  | [hidden defects]
107430 | Zot:5    | Got the Orb of Zot
107744 | D:13     | Noticed Ajuphon the pandemonium lord
108064 | D:1      | Noticed Rinuudel the pandemonium lord
108080 | D:1      | Noticed Quics the pandemonium lord
108115 | D:$      | Escaped with the Orb!

Illustrated notes

Levels and vault maps discovered:
D:1:      denvon_arrival_planthouse, layout_basic, nicolae_eternal_life,
          nicolae_figureground_pulse
D:2:      layout_loops_cross, shapermc_ecumenical_altar_mp_urbaneastern
D:3:      due_chaos_kobolds, layout_basic, minmay_fractal_squares_diagonal_5
D:4:      layout_loops_corners, lemuel_tele_altar, serial_co_window_serial,
          co_window_corner_a, co_window_of_opportunity_a, co_window_paths_a,
          co_window_paths_a, co_window_of_opportunity_a, co_window_2corner,
          co_window_broadway_c, co_window_corner_cb, co_window_4corner_a,
          glass_columns_c, nicolae_nh_oracle_at_delphi, uniq_robin
D:5:      layout_basic, minmay_temple_entry_statues_pillars,
          nicolae_ossuary_entry_plus, uniq_crazy_yiuf_cottage, uniq_menkaure
D:6:      layout_loops_ring, old_standard_altar,
          mainiacjoe_overflow_cross_hatched,
          chequers_temple_overflow_statue_of_worship, hex_large,
          uniq_blork_the_orc, uniq_eustachio
D:7:      layout_basic, minmay_misc_feat_tiny, monkooky_shop_mail_order
D:8:      layout_loops_cross, david_lair_shrubbed, minmay_misc_feat_pillars,
          serial_bayou_lagoon_a, uniq_joseph
D:9:      layout_small_grid
D:10:     layout_irregular_city
D:11:     layout_big_octagon
D:12:     layout_basic, kennysheep_orc_monster_closet_entryway,
          ebering_ghost_disaster_area, nicolae_shop_fire_sale
          [nicolae_sub_dead_trees]
D:13:     layout_stronghold, serial_shops, nicolae_shop_waterfront, shop,
          gauntlet_entry_generic, nrook_mini_backslash, uniq_jorgrun
D:14:     layout_basic, skrybe_vaults_entry_preservation,
          nicolae_elyvilon_temple_path
D:15:     gammafunk_enter_depths_forms, layout_stronghold, serial_park_square3
          [serial_park_minivault_5x5_2], gammafunk_ghost_necromancy,
          kennysheep_kite_vault
Temple:   nicolae_temple_bog_church
Lair:1:   layout_loops_ring, nicolae_volcano_entry_two_sided, uniq_maggie
Lair:2:   layout_loops_ring, guppyfry_snake_entry_island, grunt_megastairs_3,
          lemuel_fruit_fields, lemuel_fruit_fields
Lair:3:   layout_misc_corridors, elwin_shoals_entry_rooms, uniq_nergalle,
          uniq_snorg, uniq_nessos
Lair:4:   layout_cave_pods, serial_bayou_shore_b
Lair:5:   evilmike_catoblepas_cave, layout_cave_shapes,
          minmay_slime_entry_pillars, st_stairs_13, nicolae_lair_lakeside_cave,
          infiniplex_staircase_pool, serial_bayou_shore_b
Shoals:1: layout_shoals, wheals_shoals_ruined_temple
Shoals:2: nicolae_shoals_lighthouse, layout_shoals, uniq_ilsuiw
Shoals:3: layout_shoals, nicolae_shoals_beach_cooler, uniq_louise
Shoals:4: shoals_end_simple, layout_shoals, shoal_ilsuiw,
          portal_ice_cave_entry_ice_statue_one, serial_nicolae_subway,
          nicolae_sub_station_metal, nicolae_sub_station_crystal,
          nicolae_sub_station_stone
Snake:1:  layout_layer_cave, nicolae_shop_gadgets, grunt_megastairs_2
Snake:2:  layout_cave_town, lemuel_fruit_tree, minmay_shop_star, uniq_aizul
Snake:3:  layout_cave_town, serial_bayou_lake_a, minmay_shop_grove
Snake:4:  johnstein_snake_rune_scales, layout_onion, serial_shops,
          nicolae_shop_tiny_glass, serial_bayou_shore_a
Slime:1:  layout_caves
Slime:2:  layout_caves
Slime:3:  layout_caves
Slime:4:  layout_caves
Slime:5:  slime_pit_nicolae_royal_road_to_ruin
Orc:1:    layout_caves, uniq_harold, uniq_sonja, uniq_urug
Orc:2:    grunt_orc_cross, layout_diamond_mine, serial_shops,
          nicolae_shop_trees, basic_altar
Elf:1:    eino_elf_arrival_sip, layout_loops_corners, hellmonk_ghost_big_iron,
          basic_altar, nicolae_elf_altarnating
Elf:2:    elven_hall_of_blades_hangedman_original
          [nicolae_blade_entry_sentries_behind_glass], layout_loops_corners,
          minmay_shoptagon
Elf:3:    elf_hall_gauntlet_narrow, layout_rooms, amethyst_killhole
Vaults:1: nicolae_vaults_tetromino_T_2, nicolae_vaults_little_guard_posts,
          dpeg_vaults_monster_row, nicolae_vaults_twisting_passages,
          nicolae_vaults_trapezoid_3, nicolae_vaults_spaceships,
          vaults_room_ringed_pool, nicolae_vaults_diamond_1,
          nicolae_vaults_trapezoid_3, v_misc_16, vaults_dpeg_ring, v_misc_16,
          nicolae_vaults_little_squares_5, v_misc_25, layout_vaults_omnibox
Vaults:2: nicolae_vaults_house_1, v_rooms_4,
          nicolae_vaults_taking_the_gang_shopping,
          nicolae_vaults_storing_the_good_stuff, vaults_room_mumra_shop_pool,
          v_misc_3, hangedman_vaults_nails, nicolae_vaults_little_squares_3,
          hangedman_vaults_unwind, v_pattern_5, vaults_room_fancy_cross,
          nicolae_vaults_tetromino_Z_2, nicolae_vaults_tetromino_Z_2,
          nicolae_vaults_apartment_2, layout_vaults_omnicross
Vaults:3: portal_desolation_entry_nicolae_forbidding_blocks, vaults_room_fours,
          ontoclasm_vaults_eye, nicolae_vaults_storage_closets_3,
          nicolae_vaults_mini_display_case, nicolae_vaults_meeting,
          nicolae_vaults_asterisk, nicolae_vaults_heart-shaped_vault,
          serial_library_hellmonk_open_square, nicolae_vaults_turnstiles,
          minmay_crypt_entry_simple_corners, nicolae_vaults_rhombus_6,
          layout_vaults_big_room, serial_shops, shop_statue
Vaults:4: nicolae_vaults_trapezoid_lopsided_1, nicolae_vaults_diamond_1,
          nicolae_vaults_offset_grid_hallway_4, ontoclasm_vaults_ligature,
          nicolae_vaults_three_branches, vaults_room_corners,
          nicolae_vaults_little_squares_6, v_misc_27,
          nicolae_vaults_ninety_degrees, nicolae_vaults_apartment_2,
          layout_vaults_omnigrid, serial_glass
Crypt:1:  layout_regular_city
Crypt:2:  layout_catacombs, uniq_bai_suzhen, uniq_khufu
Crypt:3:  due_elkab, layout_chaotic_city, nicolae_crypt_knight_watch
Depths:1: layout_cave_pools, enter_ziggurat_b, pf_hell_entry_great_geh,
          mu_enter_wizlab_6, minmay_misc_feat_doors, serial_shops,
          shop_fountains, nicolae_shop_window_shopping, shop,
          nicolae_shop_stone, shop, serial_sigils,
          serial_sigils_hangedman_stare, serial_sigils_hangedman_scratch,
          serial_sigils_hangedman_gnaw, serial_sigils_hangedman_shear,
          serial_sigils_hangedman_writhe, st_stairs_13, slow_altar_1
Depths:2: emtedronai_trogs_sanctum, layout_cave_pools,
          serial_sigils_hangedman_gut, pf_coc_iceberg, rand_demon_pan_entry_3,
          uniq_enchantress
Depths:3: minmay_distorted_concentric_squares, layout_gridlike,
          regret_index_abyss_entry_already_here, hell_entry,
          minmay_multi_spiral, minmay_staircase_bubble, firewood_loft
Depths:4: evilmike_zot_entry_argh, layout_cave_shapes, serial_bayou_shore_b,
          grunt_hell_entry_demonic_statue, grunt_megastairs_5
Zot:1:    layout_onion_interference, regret_index_zotdec_gossamer_gf
Zot:2:    layout_basic, regret_index_zotdec_bone_old, nicolae_diode_stairs
Zot:3:    grunt_zot_stairs_faceoff, layout_gridlike,
          regret_index_zotdec_slimy_original
Zot:4:    layout_gridlike, grunt_megastairs_4
Zot:5:    layout_twisted_circle

Skill      XL: |  1  2  3  4  5  6  7  8  9 10 11 12 13 14 15 16 17 18 19 20 21 22 23 24 25 26 27 |
---------------+----------------------------------------------------------------------------------+-----
Conjurations   | 2 3 4 5 6 7 8 9 10 11 12 13 14 15 16 | 16.6
Spellcasting   | 5 6 7 8 9 10 11 12 13 14 15 16 17 18 19 | 19.8
Invocations    | 1 2 3 4 5 6 7 8 10 11 12 13 14 15 16 17 18 19 20 | 20.8
Fighting       | 1 2 3 5 6 7 8 9 10 12 13 14 15 17 18 19 20 21 22 23 24 | 24.8
Short Blades   | 1 2 3 5 6 7 8 9 10 11 12 13 14 15 16 17 18 19 | 19.3
Long Blades    | 1 2 3 5 6 7 8 9 10 11 12 13 14 15 16 17 18 19 | 19.3
Axes           | 1 2 3 5 6 7 8 9 10 11 12 13 14 15 16 17 18 19 | 19.3
Maces & Flails | 1 2 3 5 6 7 8 9 10 11 12 13 14 15 16 17 18 19 | 19.3
Polearms       | 1 2 3 5 6 7 8 9 10 11 12 13 14 15 16 17 18 19 | 19.3
Staves         | 1 2 3 5 6 7 8 9 10 11 12 13 14 15 16 17 18 19 | 19.3
Ranged Weapons | 1 2 3 5 6 7 8 9 10 11 12 13 14 15 16 17 18 19 | 19.3
Throwing       | 1 2 3 5 6 7 8 9 10 11 12 13 14 15 16 17 18 19 | 19.3
Armour         | 1 2 3 5 6 7 8 9 10 11 12 13 14 15 16 17 18 19 | 19.3
Shields        | 1 2 3 5 6 7 8 9 10 11 12 13 14 15 16 17 18 19 | 19.3
Unarmed Combat | 1 2 3 5 6 7 8 9 10 11 12 13 14 15 16 17 18 19 | 19.3
Evocations     | 1 2 3 5 6 7 8 9 10 11 12 13 14 15 16 17 18 19 | 19.3
Shapeshifting  | 1 2 3 4 5 6 7 8 9 10 11 12 13 14 15 16 17 | 17.8
Hexes          | 1 2 3 4 5 6 7 8 9 10 11 12 13 14 15 16 | 16.4
Summonings     | 1 2 3 4 5 6 7 8 9 10 11 12 13 14 16 17 18 | 18.2
Necromancy     | 1 2 3 4 5 6 7 8 9 10 11 12 13 14 15 16 | 16.4
Translocations | 1 2 3 4 5 6 7 8 9 10 11 12 13 14 15 16 | 16.4
Fire Magic     | 1 2 3 4 5 6 7 8 9 10 11 12 13 14 15 16 17 18 | 18.8
Ice Magic      | 1 2 3 4 5 6 7 8 9 10 11 12 13 14 15 16 | 16.4
Air Magic      | 1 2 3 4 5 6 7 8 9 10 11 12 13 14 15 16 | 16.4
Earth Magic    | 1 2 3 4 5 6 7 8 9 10 11 12 13 14 15 16 | 16.4
Dodging        | 5 6 7 8 9 10 11 12 13 14 15 16 17 18 19 | 19.7
Stealth        | 5 6 7 8 9 10 11 12 13 14 15 16 17 18 19 | 19.7
Alchemy        | 6 7 8 9 10 11 12 13 14 15 16 17 | 17.2

Action                     |  1- 3 |  4- 6 |  7- 9 | 10-12 | 13-15 | 16-18 | 19-21 | 22-24 | 25-27 || total
---------------------------+-------+-------+-------+-------+-------+-------+-------+-------+-------++-------
  Melee: Short sword       |    41 |    13 |       |       |       |       |       |       |       ||    54
         Bite              |     4 |    10 |    39 |    48 |    86 |    94 |   133 |   254 |   223 ||   891
         Flail             |       |    84 |   105 |       |       |       |       |       |       ||   189
         Mace              |       |       |   145 |   192 |    18 |       |       |       |       ||   355
         Staff             |       |       |       |   131 |   382 |   420 |   382 |   405 |   926 ||  2646
         Lajatang          |       |       |       |       |    92 |   144 |       |       |       ||   236
         Morningstar       |       |       |       |       |       |     7 |       |       |       ||     7
         Eveningstar       |       |       |       |       |       |       |   269 |   787 |       ||  1056
         Unarmed           |       |       |       |       |       |       |    34 |       |       ||    34
         Rapier            |       |       |       |       |       |       |       |     8 |    15 ||    23
         Lance             |       |       |       |       |       |       |       |       |     7 ||     7
  Throw: Javelin           |       |       |       |       |     1 |       |       |       |     3 ||     4
   Cast: Sting             |    73 |    73 |    57 |    60 |    48 |    31 |     7 |     3 |       ||   352
         Mercury Vapours   |       |    14 |    37 |    34 |     1 |       |       |       |       ||    86
         Mephitic Cloud    |       |     2 |    11 |    35 |    43 |    10 |    20 |    21 |       ||   142
         Stone Arrow       |       |       |    10 |    16 |    37 |   150 |   113 |   117 |   108 ||   551
         Olgreb's Toxic Ra |       |       |     3 |    29 |    72 |    85 |   136 |   110 |    34 ||   469
         Sticky Flame      |       |       |     1 |    43 |    97 |    19 |    11 |     2 |       ||   173
         Maxwell's Portabl |       |       |       |       |     2 |       |       |       |       ||     2
         Ignite Poison     |       |       |       |       |    32 |    80 |   135 |    91 |    36 ||   374
         Irradiate         |       |       |       |       |     7 |    27 |    41 |    87 |   110 ||   272
         Animate Dead      |       |       |       |       |     2 |       |       |       |       ||     2
         Freezing Cloud    |       |       |       |       |       |   132 |    49 |    10 |    39 ||   230
         Summon Mana Viper |       |       |       |       |       |       |     3 |    19 |     6 ||    28
         Yara's Violent Un |       |       |       |       |       |       |     8 |    60 |    17 ||    85
         Bombard           |       |       |       |       |       |       |     2 |    55 |   213 ||   270
         Orb of Destructio |       |       |       |       |       |       |       |       |    88 ||    88
         Dispersal         |       |       |       |       |       |       |       |       |     3 ||     3
         Maxwell's Capacit |       |       |       |       |       |       |       |       |     1 ||     1
         Malign Gateway    |       |       |       |       |       |       |       |       |     5 ||     5
         Shatter           |       |       |       |       |       |       |       |       |     1 ||     1
 Invoke: Forget Spell      |       |       |       |       |     1 |       |       |       |     2 ||     3
         Divine Exegesis   |       |       |       |       |       |       |       |       |     2 ||     2
Ability: Evoke Blink       |       |       |       |       |       |       |     1 |       |       ||     1
  Evoke: Wand              |       |       |       |     8 |     2 |     6 |     6 |    10 |    15 ||    47
         Phantom mirror    |       |       |       |       |       |     1 |       |     1 |       ||     2
         Gell's gravitambo |       |       |       |       |       |       |       |       |     1 ||     1
    Use: Scroll            |       |     6 |    10 |     6 |    14 |     1 |    12 |    11 |     7 ||    67
         Potion            |       |       |     3 |       |       |     3 |     2 |     8 |    14 ||    30
   Stab: Sleeping          |     2 |     1 |     1 |       |       |     1 |     8 |    18 |     6 ||    37
         Confused          |       |       |     4 |    17 |    12 |     1 |     3 |     2 |       ||    39
         Petrified         |       |       |       |       |     8 |       |       |       |       ||     8
         Distracted        |       |       |       |       |       |     2 |       |     6 |     1 ||     9
         Invisible         |       |       |       |       |       |       |       |     2 |       ||     2
 Armour: Robe              |    24 |    53 |   115 |    22 |       |       |       |       |       ||   214
         Steam dragon scal |       |       |       |   129 |   366 |   321 |   261 |   402 |       ||  1479
         Acid dragon scale |       |       |       |       |       |       |       |    21 |   434 ||   455
  Dodge: Dodged            |    30 |    91 |   136 |   180 |   437 |   414 |   338 |   443 |   385 ||  2454
  Block: Tower shield      |       |       |       |       |       |   495 |  1164 |  1645 |  1061 ||  4365

Table legend: (Time is in decaauts)
 A = Elapsed time spent in this place.
 B = Non-inter-level travel time spent in this place.
 C = Inter-level travel time spent in this place.
 D = Time resting spent in this place.
 E = Time spent auto-exploring this place.
 F = Levels seen in this place.
 G = Mean time per level.
                   A        B        C        D        E       F      G
               +--------+--------+--------+--------+--------+-----+--------+
         Total | 107773 |  96677 |  11096 |  36444 |  20851 |  59 | 1826.7 |
       Dungeon |  26524 |  21492 |   5032 |   6214 |   8012 |  15 | 1768.3 |
        Temple |     28 |      2 |     26 |      0 |      0 |   1 |   28.0 |
          Lair |   9552 |   8151 |   1401 |   2803 |   1960 |   5 | 1910.4 |
        Shoals |   8373 |   7911 |    462 |   3119 |   1681 |   4 | 2093.2 |
     Snake Pit |   9951 |   9370 |    581 |   4174 |   2259 |   4 | 2487.8 |
    Slime Pits |   4262 |   4001 |    261 |   1669 |    767 |   5 |  852.4 |
  Orcish Mines |   2254 |   2023 |    231 |    820 |    307 |   2 | 1127.0 |
   Elven Halls |   6063 |   5754 |    309 |   1890 |   1478 |   3 | 2021.0 |
        Vaults |  10640 |   9456 |   1184 |   3738 |   1474 |   4 | 2660.0 |
         Crypt |   9750 |   9087 |    663 |   4185 |    884 |   3 | 3250.0 |
        Depths |   6784 |   6394 |    390 |   2118 |   1157 |   4 | 1696.0 |
           Zot |  10268 |   9717 |    551 |   4416 |    641 |   5 | 2053.6 |
       Ossuary |    582 |    582 |      0 |    235 |      0 |   1 |  582.0 |
      Ice Cave |    930 |    930 |      0 |    376 |     21 |   1 |  930.0 |
        Wizlab |   1232 |   1232 |      0 |    609 |     45 |   1 | 1232.0 |
      Gauntlet |    573 |    573 |      0 |     76 |    163 |   1 |  573.0 |
               +--------+--------+--------+--------+--------+-----+--------+

Top non-repeatable levels by time:
    D:15: 4053 daAuts
 Crypt:3: 3518 daAuts
    D:12: 3271 daAuts
 Crypt:2: 3258 daAuts
Vaults:1: 3107 daAuts
Vaults:2: 3037 daAuts
 Crypt:1: 2973 daAuts
   Zot:5: 2792 daAuts
 Snake:4: 2773 daAuts
 Snake:1: 2755 daAuts
Shoals:2: 2752 daAuts
Vaults:3: 2614 daAuts
  Lair:5: 2582 daAuts
  Lair:2: 2543 daAuts
   Zot:3: 2518 daAuts
